 Dungeon Crawl Stone Soup version 0.29.1-13-g9f3cf754e1 (webtiles) character file.

Game seed: 1877573863898954321

3334 cheesebisquit the Skirmisher (level 9, -10/68 HPs)
             Began as a Minotaur Hunter on Jan 29, 2023.
             Was a Believer of Okawaru.
             Succumbed to Amaemon's poison
             ... on level 8 of the Dungeon.
             The game lasted 00:28:49 (8982 turns).

cheesebisquit the Skirmisher (Minotaur Hunter)      Turns: 8982, Time: 00:28:49

Health: -10/68     AC: 12    Str: 16    XL:     9   Next: 72%
Magic:  8/8        EV: 11    Int:  6    God:    Okawaru [**....]
Gold:   255        SH:  0    Dex: 18    Spells: 8/8 levels left

rFire   . . .      SeeInvis .   a - +6 shortbow
rCold   . . .      Faith    .   (shield currently unavailable)
rNeg    + . .      Spirit   .   f - quicksilver dragon scales
rPois   .          Reflect  .   (helmet restricted)
rElec   .          Harm     .   (no cloak)
rCorr   .          Rampage  .   (no gloves)
Will    +....                   (no boots)
Stlth   +.........              (no amulet)
HPRegen 0.21/turn               y - ring of positive energy
MPRegen 0.11/turn               (no ring)

@: lethally poisoned (-10 -> -74), slowed, very slow
A: horns 2, retaliatory headbutt
a: Renounce Religion, Heroism


You were on level 8 of the Dungeon.
You worshipped Okawaru.
Okawaru was pleased with you.
You visited 2 branches of the dungeon, and saw 10 of its levels.

You collected 605 gold pieces.
You spent 350 gold pieces at shops.

Inventory:

Hand Weapons
 a - a +6 shortbow (weapon)
Missiles
 h - 4 poisoned darts
 B - 2 silver boomerangs
Armour
 c - a +0 leather armour
 f - quicksilver dragon scales (worn)
 g - a +0 tower shield
 k - a +0 ring mail
 n - a +0 scale mail
 G - a +0 plate armour
Jewellery
 u - an amulet of magic regeneration
 y - a ring of positive energy (left hand)
Wands
 x - a wand of flame (12)
 E - a wand of paralysis (6)
Scrolls
 b - 2 scrolls of immolation
 j - a scroll of amnesia {unknown}
 o - a scroll of fog {unknown}
 s - a scroll of summoning {unknown}
 t - a scroll of blinking
 v - 2 scrolls of enchant armour {unknown}
 F - a scroll of magic mapping {unknown}
Potions
 d - a potion of cancellation
 e - 11 potions of curing
 i - 2 potions of mutation
 l - 3 potions of brilliance
 m - a potion of heal wounds
 q - a potion of might
 r - a potion of flight {unknown}
 w - a potion of berserk rage {unknown}
 C - a potion of degeneration {unknown}


   Skills:
 + Level 2.4 Fighting
 * Level 13.0 Ranged Weapons
 - Level 9.4 Armour
 - Level 2.1 Dodging
 - Level 0.7 Stealth


You had 8 spell levels left.
You didn't know any spells.
Your spell library contained the following spells:

 Spells                   Type           Power      Damage    Failure   Level
 Gell's Gravitas          Tloc           0%         N/A       94%         3
 Lesser Beckoning         Tloc           0%         N/A       94%         3
 Portal Projectile        Hex/Tloc       0%         N/A       94%         3
 Teleport Other           Tloc           0%         N/A       94%         3
 Leda's Liquefaction      Hex/Erth       0%         N/A       100%        4
 Passage of Golubria      Tloc           0%         N/A       100%        4
 Silence                  Hex/Air        0%         N/A       100%        5
 Lehudib's Crystal Spear  Conj/Erth      0%         10d2      100%        8
 Call Canine Familiar     Summ           Unusable   N/A       N/A         3

Dungeon Overview and Level Annotations

Branches:
Dungeon (9/15)             Temple (1/1) D:5
   Lair: D:8-11         Orc: D:9-12

Altars:
Ashenzari
Dithmenos
Elyvilon
Fedhas
Gozag
Hepliaklqana
Kikubaaqudgha
Makhleb
Nemelex Xobeh
Okawaru
Qazlal
Ru
Sif Muna
Trog
Uskayaw
Vehumet
Wu Jian
Xom
Yredelemnul
Zin
The Shining One

Shops:
D:1 =   D:6 !

Annotations:
D:2 Terence
D:3 2 transporters, SirLogeyBear's ghost, amateur HOBe
D:9 Amaemon; Erolcha


Innate Abilities, Weirdness & Mutations

You have a pair of horns on your head.
You reflexively headbutt those who attack you in melee.


Message History

You headbutt the scorpion, but do no damage.
Amaemon hits you but does no damage. Amaemon closely misses you.
Amaemon barely misses you. The orange demon stings you from afar.
You are poisoned.
You have difficulty breathing.
You feel yourself slow down. Amaemon attacks as you move away!
Amaemon barely misses you. x2
Amaemon tail-slaps you.
You feel very sick. The scorpion stings you.
Amaemon sighs, "Demons are the only companions you can really rely on."
Amaemon casts a spell at the scorpion.
The scorpion seems to grow toxic.
The orange demon stings you from afar.
You are more poisoned.
You have difficulty breathing.
You feel as though you will be slow longer.
The scorpion completely misses you. The scorpion barely misses you.
There is a stone staircase leading up here.
You feel extremely sick. The orange demon stings you from afar.
The scorpion stings you.
You are more poisoned.
The scorpion poisons you! The scorpion stings you.
You are lethally poisoned!
You have difficulty breathing.
You feel as though you will be slow longer.
Erolcha casts a spell.
Erolcha flickers and vanishes!
Deactivating autopickup; reactivate with Ctrl-A.
Amaemon barely misses you. You furiously retaliate!
You headbutt Amaemon, but do no damage. Amaemon closely misses you.
Amaemon tail-slaps you.
* * * LOW HITPOINT WARNING * * *
You are more poisoned.
Amaemon poisons you!
The orange demon stings you but does no damage.
The scorpion barely misses you. You furiously retaliate!
You headbutt the scorpion, but do no damage.
The scorpion barely misses you.
You climb upwards.
Reactivating autopickup.
You die...

#### ######## ###..#
##......## #########
#....#
#........####......)#
# ##...#
##.......##..........
# #...##
##.@...##..##.......
# ###...##
##......###........
###......# ##...###
#........ #........##
###...## #........
....###...####...###
#........ .####
###..#[..###
##........ ##
##....## #.....<...
.# ##.### #.........
.## #.# #........#


There were no monsters in sight!

Vanquished Creatures
  Sigmund (D:4)
  2 shadows
  Eustachio (D:5)
  Menkaure (D:4)
  A steam dragon (D:6)
  A water moccasin (D:7)
  3 orc warriors (D:9)
  An ice beast (D:8)
  A black bear (D:5)
  An ogre (D:6)
  2 centaurs
  A phantom (D:6)
  A necrophage (D:4)
  3 bullfrogs
  3 scorpions
  5 wights (D:6)
  5 killer bees
  A howler monkey (D:7)
  3 hounds
  2 jellies
  4 orc priests
  3 iguanas
  3 orc wizards
  Robin (D:4)
  11 adders
  A river rat (D:3)
  An ufetubus (D:5)
  4 worms
  6 dart slugs
  17 orcs
  11 ball pythons
  3 bats
  6 endoplasms
  2 giant cockroaches (D:4)
  18 goblins
  9 hobgoblins
  3 jackals
  5 quokkas
  10 frilled lizards
  6 kobolds
  7 rats
170 creatures vanquished.

Notes
Turn   | Place    | Note
-------+----------+-------------------------------------------
     0 | D:1      | cheesebisquit the Minotaur Hunter began the quest for the
                  | Orb.
     0 | D:1      | Reached XP level 1. HP: 18/18 MP: 0/0
    89 | D:1      | Reached skill level 1 in Armour
    99 | D:1      | Reached XP level 2. HP: 25/25 MP: 1/1
   133 | D:1      | Found Muloviv's Jewellery Shoppe.
   259 | D:1      | Reached skill level 5 in Ranged Weapons
   660 | D:1      | Reached XP level 3. HP: 30/30 MP: 2/2
   925 | D:2      | Noticed Terence
  1341 | D:2      | Reached XP level 4. HP: 22/37 MP: 3/3
  1883 | D:3      | Found a faded altar of an unknown god.
  2254 | D:3      | Found a transporter.
  2254 | D:3      | Noticed SirLogeyBear's ghost (amateur HOBe)
  2254 | D:3      | Noticed an ogre
  2258 | D:3      | Found a transporter.
  2298 | D:3      | Reached skill level 6 in Ranged Weapons
  2526 | D:3      | Reached XP level 5. HP: 33/42 MP: 4/4
  2815 | D:3      | Found a white marble altar of Elyvilon.
  3184 | D:4      | Reached skill level 7 in Ranged Weapons
  3184 | D:4      | Reached XP level 6. HP: 42/50 MP: 5/5
  3246 | D:4      | Noticed Sigmund
  3278 | D:4      | Found a radiant altar of Vehumet.
  3305 | D:4      | Noticed Menkaure
  3310 | D:4      | Killed Menkaure
  3339 | D:4      | Found a burning altar of Makhleb.
  3392 | D:4      | Killed Sigmund
  3393 | D:4      | Reached skill level 8 in Ranged Weapons
  3393 | D:4      | Reached skill level 5 in Armour
  3393 | D:4      | Reached XP level 7. HP: 42/56 MP: 6/6
  3481 | D:4      | Noticed Robin
  3507 | D:4      | Killed Robin
  3777 | D:4      | Found a bloodstained altar of Trog.
  4094 | D:5      | Entered Level 5 of the Dungeon
  4175 | D:5      | Found a sacrificial altar of Ru.
  4227 | D:4      | Reached skill level 9 in Ranged Weapons
  4285 | D:5      | Found a sparkling altar of Nemelex Xobeh.
  4405 | D:5      | Found a staircase to the Ecumenical Temple.
  4419 | Temple   | Entered the Ecumenical Temple
  4496 | D:5      | Noticed Eustachio
  4511 | D:5      | Killed Eustachio
  4512 | D:5      | Reached XP level 8. HP: 55/62 MP: 7/7
  4560 | D:5      | Found a shimmering blue altar of Sif Muna.
  4560 | D:5      | Found a basalt altar of Yredelemnul.
  4624 | D:5      | Found a glowing golden altar of the Shining One.
  4954 | D:6      | Found a hide-covered altar of Uskayaw.
  5216 | D:6      | Reached skill level 10 in Ranged Weapons
  5621 | D:6      | Found Vudualah's Distillery.
  5629 | D:6      | Bought a potion of curing for 42 gold pieces
  5629 | D:6      | Bought 2 potions of curing for 84 gold pieces
  5629 | D:6      | Bought a potion of haste for 140 gold pieces
  5629 | D:6      | Bought a potion of curing for 42 gold pieces
  5629 | D:6      | Bought a potion of curing for 42 gold pieces
  6220 | D:6      | Found a shimmering altar of Xom.
  6249 | D:6      | Reached skill level 11 in Ranged Weapons
  6259 | D:6      | Found an iron altar of Okawaru.
  6491 | D:7      | Found a broken altar of Ashenzari.
  6604 | D:6      | Became a worshipper of Warmaster Okawaru
  6696 | D:7      | Reached XP level 9. HP: 57/68 MP: 8/8
  7558 | D:8      | Reached skill level 12 in Ranged Weapons
  7579 | D:8      | Reached * piety under Okawaru
  8282 | D:9      | Noticed an orange demon
  8450 | D:9      | Noticed Amaemon
  8654 | D:9      | Reached ** piety under Okawaru
  8655 | D:9      | Reached skill level 13 in Ranged Weapons
  8935 | D:9      | Noticed Erolcha
  8982 | D:8      | Succumbed to Amaemon's poison

Illustrated notes

Levels and vault maps discovered:
D:1:      dpeg_arrival_shrine, layout_loops_cross, serial_shops,
          nicolae_shop_statue_plus, st_stairs_9
D:2:      layout_rooms, dreamdust_princess_bridge, uniq_terence
D:3:      layout_loops_ring, marbit_many_paths, portal_sewer_entry_e,
          gammafunk_ghost_smash, nicolae_ecumenical_pavilion
D:4:      layout_basic, mainiacjoe_overflow_surrounded_room, lemuel_tele_altar,
          lemuel_doored_altar, skrybe_limestone_x, uniq_sigmund, uniq_menkaure,
          uniq_robin
D:5:      layout_rooms, mainiacjoe_overflow_small_starburst,
          amcnicky_altar_gilded, nicolae_ru_great_annihilating_truth,
          nicolae_overflow_two_pavilions, minmay_temple_entry_junction,
          serial_park_tiny_pond, uniq_eustachio
D:6:      layout_loops_ring, mainiacjoe_overflow_alcove_2,
          mainiacjoe_overflow_large_starburst, serial_shops,
          nicolae_shop_hallway_plus
D:7:      layout_rooms, nicolae_ashenzari_skybound
D:8:      layout_cave_pods, minmay_strange_pillars
D:9:      layout_stronghold, uniq_amaemon, uniq_erolcha
Temple:   nicolae_temple_ecumenical_triangle

Skill      XL: |  1  2  3  4  5  6  7  8  9 |
---------------+----------------------------+-----
Armour         | 1 2 3 5 6 8 9 |  9.4
Ranged Weapons | 5 6 7 8 9 11 13 | 13.0
Fighting       | |  2.4
Dodging        | |  2.1
Stealth        | |  0.7

Action                   |  1- 3 |  4- 6 |  7- 9 || total
-------------------------+-------+-------+-------++-------
Melee: Shortbow          |       |     5 |       ||     5
       Headbutt          |       |     1 |       ||     1
 Fire: Shortbow          |   112 |   156 |   385 ||   653
Invok: Heroism           |       |       |     3 ||     3
  Use: Scroll            |     2 |     3 |    11 ||    16
       Potion            |       |     2 |     5 ||     7
Armor: Leather armour    |     5 |       |       ||     5
       Quicksilver drago |    10 |    37 |   125 ||   172
       Ring mail         |     1 |       |       ||     1
Dodge: Dodged            |    31 |    34 |   196 ||   261
